 Dungeon Crawl Stone Soup version 0.32-a0-22-g6ae6769602 (webtiles) character file.

Game seed: 13684361740732861376

2450 p00ps00p the Cleaver (level 9, -1/82 HPs)
             Began as a Hill Orc Fighter on Jan 19, 2024.
             Was an Initiate of Gozag.
             Slain by an orc warrior
             ... wielding a +0 glaive
              (13 damage)
             ... on level 7 of the Dungeon.
             The game lasted 00:08:39 (6416 turns).

p00ps00p the Cleaver (Hill Orc Fighter)             Turns: 6416, Time: 00:08:41

Health: -1/82      AC: 19    Str: 23    XL:     9   Next: 50%
Magic:  9/9        EV:  8    Int:  8    God:    Gozag
Gold:   992        SH: 10    Dex: 10    Spells: 8/8 levels left

rFire   . . .        a - +0 war axe
rCold   . . .        c - +0 buckler
rNeg    . . .        f - +1 chain mail
rPois   .            (no helmet)
rElec   .            (no cloak)
rCorr   .            (no gloves)
SInv    .            (no boots)
Will    .....        e - amulet of reflection Stlth
                     k - +4 ring of protection
HPRegen 0.33/turn    l - +4 ring of protection
MPRegen 0.11/turn

%: reflection
@: gold aura
A: no striking features
a: Renounce Religion, Potion Petition, Call Merchant, Bribe Branch


You were on level 7 of the Dungeon.
You worshipped Gozag.
Gozag was pleased with you.
You visited 2 branches of the dungeon, and saw 8 of its levels.

You collected 1101 gold pieces.
You paid 109 gold pieces to Gozag.

Inventory:

Hand Weapons
 a - a +0 war axe (weapon)
Armour
 b - a +0 scale mail
 c - a +0 buckler (worn)
 f - a +1 chain mail (worn)
Jewellery
 e - an amulet of reflection (around neck)
 k - a +4 ring of protection (left hand)
 l - a +4 ring of protection (right hand)
 t - a ring of willpower
Wands
 o - a wand of quicksilver (7)
Scrolls
 j - 2 scrolls of teleportation
 p - a scroll of revelation
 u - 3 scrolls of fear
Potions
 d - 2 potions of might
 g - 5 potions of curing
 h - a potion of attraction
 i - a potion of berserk rage
 m - 2 potions of degeneration
 n - a potion of resistance
 q - a potion of lignification {unknown}
 r - 2 potions of enlightenment
 s - 2 potions of magic {unknown}
 v - 2 potions of ambrosia {unknown}


   Skills:
 + Level 8.3 Fighting
 + Level 8.5 Axes
 + Level 7.6 Armour
 + Level 7.6 Shields


You had 8 spell levels left.
You didn't know any spells.
Your spell library contained the following spells:

 Spells                   Type           Power      Damage    Failure   Level
 Foxfire                  Conj/Fire      0%         2x1d4     95%         1
 Slow                     Hex            0%         N/A       95%         1
 Cigotuvi's Dreadful Rot  Necr/Alch/Air  0%         N/A       98%         2
 Confusing Touch          Hex            0%         N/A       100%        3
 Hailstorm                Conj/Ice       0%         3d5       100%        3
 Sigil of Binding         Hex            0%         N/A       100%        3
 Summon Ice Beast         Ice/Summ       0%         N/A       100%        3
 Vampiric Draining        Necr           0%         2d6       100%        3
 Dispel Undead            Necr           0%         3d6       100%        4
 Martyr's Knell           Necr/Summ      0%         N/A       100%        4
 Death Channel            Necr           0%         N/A       100%        6
 Plasma Beam              Fire/Air       0%         2x1d10    100%        6
 Sculpt Simulacrum        Ice/Alch       0%         N/A       100%        6
 Starburst                Conj/Fire      0%         6d3       100%        6


Dungeon Overview and Level Annotations

Branches:
Dungeon (7/15)             Temple (1/1) D:4

Altars:
Ashenzari
Cheibriados
Elyvilon
Fedhas
Gozag
Hepliaklqana
Kikubaaqudgha
Makhleb
Nemelex Xobeh
Okawaru
Qazlal
Ru
Sif Muna
Trog
Uskayaw
Vehumet
Wu Jian
Xom
Yredelemnul
Zin

Annotations:
D:3 exclusion: oklob plant


Message History

You kill the orc priest!
You miss the water moccasin.
The water moccasin bites you but does no damage. x2
You block the orc warrior's attack.
The water moccasin is distracted by your dazzling golden aura.
You block the orc warrior's attack.
The water moccasin hisses angrily.
Things that are here:
7 gold pieces; a +0 club; a +0 war axe The water moccasin is no longer distracted by gold.
The water moccasin bites you but does no damage.
You block the orc warrior's attack.
You closely miss the orc warrior. You miss the water moccasin.
The water moccasin is distracted by your dazzling golden aura.
The orc warrior hits you with a +0 glaive.
* * * LOW HITPOINT WARNING * * *
The water moccasin hisses angrily.
You hit the orc warrior.
The orc warrior is lightly wounded.
You barely miss the water moccasin.
The water moccasin is no longer distracted by gold.
You block the water moccasin's attack. You block the orc warrior's attack.
The water moccasin bites you but does no damage.
You closely miss the orc warrior.
The orc warrior is lightly wounded.
You barely miss the water moccasin. The water moccasin closely misses you.
The orc warrior hits you with a +0 glaive!
* * * LOW HITPOINT WARNING * * *
You hit the orc warrior.
The orc warrior is lightly wounded.
You slash the water moccasin!
You kill the water moccasin!
The orc warrior is distracted by your dazzling golden aura.
You strike the helpless orc warrior from behind!
You hit the orc warrior but do no damage.
The orc warrior is no longer distracted by gold.
The orc warrior is lightly wounded.
The orc warrior hits you with a +0 glaive!
You die...
Your body crumbles into a pile of gold. ..#..# #.....# #.##.####.....# ## #.##...###.#### .# ..PPP.~###.# #.## # .P~P~~~.##.# ##...##.. .P~♣P~~PP#.# ##........ .P♣♣♣♣♣~~~.# #.....!:..
P~~♣ ♣PPPP##

#.o....... .~♣♣
♣♣~P.# ###$@.......
P~~♣♣♣♣P~##
#.[$........
~~~~P♣~~##
#.###...##..
#P~~~~PP#####.#
####
###PPP~.......#####
...........#......#
##.##.#..###......#
...........#......#
#..#..#.##........#


You could see an orc warrior.

Vanquished Creatures
  Sigmund (D:6)
  A steam dragon (D:7)
  2 water moccasins
  A sky beast (D:7)
  3 black bears
  3 ice beasts
  An ogre (D:4)
  2 centaurs
  A bullfrog (D:6)
  2 scorpions
  3 howler monkeys
  3 hounds
  4 orc priests
  5 iguanas
  A sleepcap (D:5)
  Terence (D:2)
  6 orc wizards
  3 gnolls (D:4)
  6 adders
  A white imp (D:5)
  4 ufetubi (D:5)
  3 dart slugs
  A ribbon worm (D:4)
  18 orcs
  6 endoplasms
  7 giant cockroaches
  6 goblins
  9 hobgoblins
  2 jackals (D:1)
  7 kobolds
  5 quokkas
  2 ball pythons
  3 bats
  6 frilled lizards
  5 rats
134 creatures vanquished.

Vanquished Creatures (others)
  A centaur (D:6)
1 creature vanquished.

Grand Total: 135 creatures vanquished

Notes
Turn   | Place    | Note
-------+----------+-------------------------------------------
     0 | D:1      | p00ps00p the Hill Orc Fighter began the quest for the Orb.
     0 | D:1      | Reached XP level 1. HP: 19/19 MP: 1/1
   490 | D:1      | Reached XP level 2. HP: 27/27 MP: 2/2
  1065 | D:2      | Noticed Terence
  1074 | D:2      | Killed Terence
  1075 | D:2      | Reached XP level 3. HP: 24/33 MP: 3/3
  1194 | D:2      | Reached XP level 4. HP: 40/40 MP: 4/4
  1710 | D:3      | Found a broken altar of Ashenzari.
  1714 | D:3      | Found a hide-covered altar of Uskayaw.
  1719 | D:3      | Found a sacrificial altar of Ru.
  2181 | D:3      | Found a blossoming altar of Fedhas.
  2196 | D:3      | Noticed an oklob plant
  2464 | D:3      | Reached XP level 5. HP: 40/47 MP: 5/5
  2722 | D:4      | Found a staircase to the Ecumenical Temple.
  2741 | Temple   | Entered the Ecumenical Temple
  2789 | Temple   | Became a worshipper of Gozag Ym Sagoz the Greedy
  2989 | D:4      | Found a sparkling altar of Nemelex Xobeh.
  3028 | D:4      | Noticed an ogre
  3031 | D:4      | Killed an ogre
  3032 | D:4      | Reached skill level 5 in Fighting
  3032 | D:4      | Reached XP level 6. HP: 56/56 MP: 6/6
  3604 | D:4      | Found a glowing silver altar of Zin.
  3624 | D:4      | Found a hazy altar of Hepliaklqana.
  3703 | D:5      | Entered Level 5 of the Dungeon
  3724 | D:5      | Reached skill level 5 in Axes
  3767 | D:5      | Reached skill level 5 in Armour
  3767 | D:5      | Reached skill level 5 in Shields
  3767 | D:5      | Reached XP level 7. HP: 37/61 MP: 7/7
  4990 | D:6      | Reached XP level 8. HP: 70/71 MP: 8/8
  5086 | D:6      | Noticed Sigmund
  5111 | D:6      | Killed Sigmund
  5164 | D:6      | Identified the +0 leather armour "Gahu" {*Corrode rF+ Str+3
                  | Slay+3}
  5176 | D:6      | Found a shimmering blue altar of Sif Muna.
  5679 | D:7      | Reached XP level 9. HP: 57/80 MP: 9/9
  6416 | D:7      | Slain by an orc warrior

Illustrated notes

Levels and vault maps discovered:
D:1:      spicycebolla_arrival_risky_transporter, layout_loops_corners
D:2:      layout_rooms, nicolae_concentric_dashed_squares_mild, st_stairs_11,
          serial_park_tiny_2, uniq_terence
D:3:      layout_basic, grunt_temple_overflow_diamond, tgw_fedhas,
          kennysheep_generic_room_16
D:4:      layout_gridville, jmf_multi_god_temple2, nemelex_spade_bored_becter,
          minmay_temple_entry_crystal_x
D:5:      layout_layer_cave, kennysheep_nub
D:6:      layout_basic, amcnicky_altar_gilded, lemuel_flamethrower_1,
          uniq_sigmund
D:7:      layout_rooms, serial_shops, nicolae_shop_rolling_square,
          interstate_on_off, serial_bayou_pond_c
Temple:   minmay_temple_forest_path

Skill      XL: |  1  2  3  4  5  6  7  8  9 |
---------------+----------------------------+-----
Axes           | 3 4 5 6 7 8 |  8.5
Fighting       | 4 5 6 7 8 |  8.3
Armour         | 4 5 7 |  7.6
Shields        | 4 5 6 7 |  7.6

Action                     |  1- 3 |  4- 6 |  7- 9 || total
---------------------------+-------+-------+-------++-------
  Melee: War axe           |    75 |   152 |   246 ||   473
  Evoke: Wand              |       |     3 |       ||     3
    Use: Scroll            |     4 |     9 |     2 ||    15
   Stab: Distracted        |       |       |     3 ||     3
 Armour: Scale mail        |    37 |       |       ||    37
         Chain mail        |    18 |    91 |   251 ||   360
  Dodge: Dodged            |    29 |    43 |    94 ||   166
  Block: Buckler           |    48 |    69 |   147 ||   264
         Reflection        |     2 |     2 |     2 ||     6

Table legend: (Time is in decaauts)
 A = Elapsed time spent in this place.
 B = Non-inter-level travel time spent in this place.
 C = Inter-level travel time spent in this place.
 D = Time resting spent in this place.
 E = Time spent auto-exploring this place.
 F = Levels seen in this place.
 G = Mean time per level.
                   A        B        C        D        E       F      G
               +--------+--------+--------+--------+--------+-----+--------+
         Total |   6545 |   6331 |    214 |    200 |   5087 |   8 |  818.1 |
       Dungeon |   6448 |   6329 |    119 |    200 |   5087 |   7 |  921.1 |
        Temple |     96 |      1 |     95 |      0 |      0 |   1 |   96.0 |
               +--------+--------+--------+--------+--------+-----+--------+

Top non-repeatable levels by time:
     D:5: 1190 daAuts
     D:3: 1174 daAuts
     D:1: 1061 daAuts
     D:4: 904 daAuts
     D:6: 803 daAuts
     D:7: 774 daAuts
     D:2: 539 daAuts
  Temple: 96 daAuts
